 Dungeon Crawl Stone Soup version 0.32-a0-607-g64ea0e4219 (webtiles) character file.

Game seed: 4775669232950563380

13 NateTC the Trooper (level 2, 32/32 HPs)
             Began as an Oni Fighter on Mar 3, 2024.
             Quit the game on level 1 of the Dungeon.
             The game lasted 00:00:40 (490 turns).

NateTC the Trooper (Oni Fighter)                     Turns: 490, Time: 00:00:41

Health: 32/32      AC:  3    Str: 19    XL:     2   Next: 37%
Magic:  2/2        EV:  8    Int:  9    God:
Gold:   24         SH:  7    Dex:  8    Spells: 1/1 levels left

rFire   . . .        a - +0 war axe
rCold   . . .        c - +0 kite shield
rNeg    . . .        b - +0 robe
rPois   .            (helmet restricted)
rElec   .            (no cloak)
rCorr   .            (gloves unavailable)
SInv    .            (boots unavailable)
Will    .....        (no amulet)
Stlth   +            (no ring)
HPRegen 0.25/turn    (no ring)
MPRegen 0.08/turn

%: no passive effects
@: no status effects
A: large, unfitting armour, horns 1, tough skin 1, double potion healing,
drunken brawling
a: no special abilities


You were on level 1 of the Dungeon.
You visited 1 branch of the dungeon, and saw 1 of its levels.

You collected 24 gold pieces.

Inventory:

Hand Weapons
 a - a +0 war axe (weapon)
Armour
 b - a +0 robe (worn)
 c - a +0 kite shield (worn)
Potions
 d - a potion of might
 e - 2 potions of attraction {unknown}
 f - 2 potions of lignification {unknown}


   Skills:
 - Level 4.0 Fighting
 * Level 3.0 Axes
 - Level 2.6 Dodging
 - Level 2.6 Shields


You had one spell level left.
You didn't know any spells.
Your spell library contained the following spells:

 Spells                   Type           Power      Damage    Failure   Level
 Sculpt Simulacrum        Ice/Alch       0%         N/A       100%        6
 Ozocubu's Refrigeration  Ice            0%         4d7       100%        7
 Polar Vortex             Ice            0%         N/A       100%        9


Dungeon Overview and Level Annotations

Branches:
Dungeon (1/15) Zot: 5493

Altars:


Innate Abilities, Weirdness & Mutations

You are too large for most types of armour.
You have a pair of small horns on your head.
You have tough skin. (AC +1)
You gain doubled healing and magic from potions.
Whenever you drink a healing potion, you attack all around you.


Message History

The ball python bites you. The ball python barely misses you.
You barely miss the ball python. You block the ball python's attack.
You slash the ball python!
You kill the ball python!
Your Axes skill increases to level 3!
No target in view!
No target in view!
No target in view!
No target in view!
No target in view!
No target in view!
No target in view!
No target in view!
No target in view!
No target in view!
No target in view!
You see here a human skeleton.
You pick up a book of Ice and begin reading...
You add the spells Sculpt Simulacrum, Ozocubu's Refrigeration and Polar Vortex to your library.
No target in view!
You now have 24 gold pieces (gained 4).
Things that are here:
a +0 short sword; 5 stones
There is an open door here.
There is an open door here.
You open the door.
There is an open door here.
Done exploring.
No target in view!
Done exploring.
No target in view!
Done exploring.
No target in view!
Done exploring.
No target in view!
Done exploring.
No target in view!
You see here a +0 helmet.
Unknown command.
Are you sure you want to abandon this character and quit the game? (Confirm with "yes".)

#....# #####.......# #
###### #.......# #
#.......# # #.......# #
#######.......# #
#.......#...#########
#'###'#####.#.......#
#####.....#####.#.#####.#
#...#...@.#...#.#.#...#.#
#.ß.'..⌠..+.ß.#.#...#.#.#
#...#.....#...#.#####.#.#
#####.....#####.......#..
###'### #.######### #...#
#####.#.#.#... #.<.#
#.......#.#... #...#
#.##.####.##.. #####
#.##.##.......


There were no monsters in sight!

Vanquished Creatures
  An endoplasm (D:1)
  A giant cockroach (D:1)
  A hobgoblin (D:1)
  A kobold (D:1)
  3 ball pythons (D:1)
  3 bats (D:1)
  A frilled lizard (D:1)
  A rat (D:1)
12 creatures vanquished.

Notes
Turn   | Place    | Note
-------+----------+-------------------------------------------
     0 | D:1      | NateTC the Oni Fighter began the quest for the Orb.
     0 | D:1      | Reached XP level 1. HP: 24/24 MP: 1/1
   159 | D:1      | Reached XP level 2. HP: 32/32 MP: 2/2
   402 | D:1      | Found a faded altar of an unknown god.
   490 | D:1      | Quit the game

Illustrated notes

Levels and vault maps discovered:
D:1:      minmay_arrival_stair_chambers, layout_basic,
          shapermc_ecumenical_altar_pompeii, kennysheep_flooded_box,
          patterned_corridor

Skill      XL: |  1  2 |
---------------+-------+-----
Axes           | 3 |  3.0
Fighting       | |  4.0
Dodging        | |  2.6
Shields        | |  2.6

Action                     || total
---------------------------++-------
  Melee: War axe           ||    32
         Headbutt          ||     2
 Armour: Robe              ||    25
  Dodge: Dodged            ||    10
  Block: Kite shield       ||    16

Table legend: (Time is in decaauts)
 A = Elapsed time spent in this place.
 B = Non-inter-level travel time spent in this place.
 C = Inter-level travel time spent in this place.
 D = Time resting spent in this place.
 E = Time spent auto-exploring this place.
 F = Levels seen in this place.
 G = Mean time per level.
                   A        B        C        D        E       F      G
               +--------+--------+--------+--------+--------+-----+--------+
         Total |    506 |    506 |      0 |      0 |    406 |   1 |  506.0 |
       Dungeon |    506 |    506 |      0 |      0 |    406 |   1 |  506.0 |
               +--------+--------+--------+--------+--------+-----+--------+

Top non-repeatable levels by time:
     D:1: 506 daAuts
